 Dungeon Crawl Stone Soup version 0.29.0-4-gdea44cf6ec (webtiles) character file.

Game seed: 14994435820467678255

301 qw the Chopper (level 6, -3/36 HPs)
             Began as a Tengu Warper on Aug 28, 2022.
             Was an Initiate of Okawaru.
             Splashed by a jelly's acid (5 damage)
             ... on level 4 of the Dungeon.
             The game lasted 00:00:26 (4224 turns).

qw the Chopper (Tengu Warper)                       Turns: 4224, Time: 00:00:26

Health: -3/36      AC: -5    Str: 13    XL:     6   Next: 37%
Magic:  10/10      EV: 11    Int: 13    God:    Okawaru [......]
Gold:   233        SH:  0    Dex: 14    Spells: 9/9 levels left

rFire   . . .      SeeInvis .   Y - +1 hand axe
rCold   . . .      Faith    .   (no shield)
rNeg    . . .      Spirit   .   d - +0 scale mail
rPois   .          Reflect  .   (helmet restricted)
rElec   .          Harm     .   (no cloak)
rCorr   .          Rampage  .   (no gloves)
Will    .....                   (boots unavailable)
Stlth   ..........              (no amulet)
HPRegen 0.12/turn               (no ring)
MPRegen 0.12/turn               (no ring)

@: corroded, flying quickly and evasively, quick
A: beak, talons 3, nimble flight
a: Renounce Religion


You were on level 4 of the Dungeon.
You worshipped Okawaru.
Okawaru was noncommittal.
You visited 1 branch of the dungeon, and saw 4 of its levels.

You collected 233 gold pieces.


Innate Abilities, Weirdness & Mutations

You have a beak for a mouth.
You have claws for feet.
Your magical nature lets you fly swiftly and evasively.


   Skills:
 + Level 2.4 Fighting
 - Level 7.0 Axes
 - Level 1.0 Throwing
 - Level 1.1 Armour
 - Level 2.1 Dodging
 - Level 2.0 Spellcasting
 - Level 2.4 Translocations
 - Level 0.1 Invocations


You had 9 spell levels left.
You didn't know any spells.
Your spell library contained the following spells:

 Spells                   Type           Power      Damage    Failure   Level
 Blink                    Tloc           14%        N/A       56%         2
 Gell's Gravitas          Tloc           7%         N/A       80%         3
 Lesser Beckoning         Tloc           7%         N/A       80%         3
 Teleport Other           Tloc           7%         N/A       80%         3
 Manifold Assault         Tloc           7%         N/A       100%        5

Inventory:

Hand Weapons
 g - a +0 mace
 Y - a +1 hand axe (weapon)
Missiles
 j - 3 boomerangs (quivered)
Armour
 d - a +0 scale mail (worn)
Scrolls
 f - a scroll of identify
Potions
 a - a potion of lignification {unknown}
 b - a potion of mutation {unknown}
 c - a potion of resistance {unknown}
 e - a potion of flight {unknown}
 h - a potion of brilliance {unknown}
 i - a potion of invisibility {unknown}
 l - a potion of heal wounds {unknown}

Dungeon Overview and Level Annotations

Branches:
Dungeon (4/15)             Temple (0/1) D:4

Altars:
Okawaru

Shops:
D:4 (


Message History

Press: ? - help, Q - select action Shift-Dir - straight line, f/p - jelly You throw a boomerang.
The boomerang completely misses the jelly.
You slash the jelly!
You kill the jelly!
Okawaru accepts your kill.
You hit the hobgoblin but do no damage. Your peck misses the hobgoblin.
The hobgoblin hits you but does no damage.
You hit the hobgoblin.
The hobgoblin is heavily wounded.
The hobgoblin closely misses you.
You hit the hobgoblin.
You kill the hobgoblin!
Okawaru accepts your kill.
You feel like a meek peon again.
Magic restored.
A jelly comes into view.
The jelly quivers.
Enter note: You slash the jelly!
The acid corrodes you!
Your hands burn!
You claw the jelly, but do no damage.
The jelly is heavily wounded.
The jelly closely misses you.
You hit the jelly but do no damage.
Your hands burn!
You claw the jelly, but do no damage. You punch the jelly, but do no damage.
The jelly is heavily wounded.
The jelly hits you.
You are splashed with acid!
You hit the jelly.
Your hands burn!
You claw the jelly.
The jelly is heavily wounded.
The jelly hits you. The acid corrodes you!
You are splashed with acid!
You hit the jelly but do no damage.
Your hands burn!
You claw the jelly, but do no damage. You peck the jelly, but do no damage.
The jelly is heavily wounded.
The jelly closely misses you.
You hit the jelly. The acid corrodes you!
Your hands burn!
Your kick misses the jelly.
The jelly is severely wounded.
The jelly closely misses you.
You hit the jelly.
Your hands burn!
You die...

#####............###
#.....##....<#....(#
#................#.#
#......#.#...#####.##
#........#..%)#.....#
#.....######....#####
#.....#...........##.
#.....#.#####.###.##.
#...@## #.# ##.
#....J..# #.# .##.
######### #.# #....
####.# ###.. #.^..# ##.
#####.##.# ##
#........#####
#.######.....###
########.######..~ยค~..#


You could see a jelly.

Vanquished Creatures
  A necrophage (D:4)
  A jelly (D:4)
  3 orc wizards (D:4)
  3 adders
  5 dart slugs
  6 orcs (D:4)
  7 endoplasms
  4 giant cockroaches
  8 goblins
  10 hobgoblins
  4 jackals (D:1)
  4 quokkas
  8 ball pythons
  8 bats
  2 frilled lizards
  8 kobolds
  11 rats
93 creatures vanquished.

Vanquished Creatures (others)
  A fungus (D:1)
  A plant (D:1)
  A withered plant (D:1)
3 creatures vanquished.

Grand Total: 96 creatures vanquished

Notes
Turn   | Place    | Note
-------+----------+-------------------------------------------
     0 | D:1      | qw the Tengu Warper began the quest for the Orb.
     0 | D:1      | Reached XP level 1. HP: 12/12 MP: 4/4
     0 | D:1      | 0 ||| qw: Version: 0.1-a-89-g26bdef1
     0 | D:1      | 0 ||| qw: Game counter: 149
     0 | D:1      | 0 ||| qw: Always use a shield: true
     0 | D:1      | 0 ||| qw: God list: Okawaru
     0 | D:1      | 0 ||| qw: Allow faded altars: false
     0 | D:1      | 0 ||| qw: Do Orc after D:15 true
     0 | D:1      | 0 ||| qw: Do second Lair branch before Depths: true
     0 | D:1      | 0 ||| qw: Lair rune preference: random
     0 | D:1      | 0 ||| qw: Plans: Normal
     0 | D:1      | 0 ||| PLANNING D:1-11
   239 | D:1      | 239 ||| Stepping ~*~*~tactically~*~*~ (stealth).
   247 | D:1      | Reached XP level 2. HP: 17/17 MP: 6/6
   248 | D:1      | Reached skill level 3 in Axes
   249 | D:1      | 249 ||| Stepping ~*~*~tactically~*~*~ (stealth).
   251 | D:1      | 251 ||| Stepping ~*~*~tactically~*~*~ (stealth).
   253 | D:1      | 253 ||| Stepping ~*~*~tactically~*~*~ (stealth).
   258 | D:1      | Found a faded altar of an unknown god.
   318 | D:1      | 318 ||| Stepping ~*~*~tactically~*~*~ (stealth).
   319 | D:1      | 319 ||| Stepping ~*~*~tactically~*~*~ (stealth).
   323 | D:1      | 323 ||| Stepping ~*~*~tactically~*~*~ (stealth).
   325 | D:1      | 325 ||| Stepping ~*~*~tactically~*~*~ (stealth).
   326 | D:1      | 326 ||| Stepping ~*~*~tactically~*~*~ (stealth).
   343 | D:1      | 343 ||| Stepping ~*~*~tactically~*~*~ (stealth).
   386 | D:1      | 386 ||| Stepping ~*~*~tactically~*~*~ (stealth).
   583 | D:1      | Reached XP level 3. HP: 14/21 MP: 7/7
   824 | D:1      | Reached skill level 4 in Axes
   964 | D:1      | 964 ||| Stepping ~*~*~tactically~*~*~ (hiding).
  1100 | D:1      | 1100 ||| Stepping ~*~*~tactically~*~*~ (stealth).
  1357 | D:1      | 1357 ||| UPGRADING to +0 scale mail.
  1367 | D:1      | 1367 ||| DROPPING +0 leather armour.
  1368 | D:1      | 1368 ||| READING 3 scrolls labelled GIFIWUDDAEL.
  1369 | D:1      | 1369 ||| READING scroll labelled KUKLIN SIRUBB.
  1370 | D:1      | 1370 ||| READING scroll labelled ETWOIT FILAAG.
  1371 | D:1      | 1371 ||| DRINKING 2 viscous black potions.
  1372 | D:1      | 1372 ||| DROPPING 2 scrolls of noise.
  1373 | D:1      | 1373 ||| DROPPING scroll of blinking.
  1374 | D:1      | 1374 ||| DROPPING potion of attraction.
  1578 | D:2      | Reached XP level 4. HP: 15/26 MP: 8/8
  1880 | D:2      | 1880 ||| Stepping ~*~*~tactically~*~*~ (stealth).
  2532 | D:2      | 2532 ||| READING scroll labelled OKLOAR ETWY.
  2533 | D:2      | 2533 ||| READING scroll labelled URYLO GIHIUTHINT.
  2566 | D:3      | 2566 ||| STAIRDANCE
  2676 | D:3      | Reached skill level 5 in Axes
  2727 | D:3      | 2727 ||| Stepping ~*~*~tactically~*~*~ (stealth).
  2737 | D:3      | 2737 ||| FLEEEEING.
  2738 | D:3      | 2738 ||| FLEEEEING.
  2742 | D:3      | 2742 ||| FLEEEEING.
  2743 | D:3      | 2743 ||| FLEEEEING.
  2744 | D:3      | 2744 ||| FLEEEEING.
  2745 | D:3      | 2745 ||| FLEEEEING.
  2746 | D:3      | 2746 ||| FLEEEEING.
  2747 | D:3      | 2747 ||| FLEEEEING.
  2748 | D:3      | 2748 ||| FLEEEEING.
  2749 | D:3      | 2749 ||| FLEEEEING.
  2750 | D:3      | 2750 ||| FLEEEEING.
  2751 | D:3      | 2751 ||| FLEEEEING.
  2752 | D:3      | 2752 ||| FLEEEEING.
  2758 | D:3      | 2758 ||| FLEEEEING.
  2759 | D:3      | 2759 ||| FLEEEEING.
  2760 | D:3      | 2760 ||| FLEEEEING.
  2761 | D:3      | 2761 ||| FLEEEEING.
  2762 | D:3      | 2762 ||| FLEEEEING.
  2763 | D:3      | 2763 ||| FLEEEEING.
  2974 | D:3      | 2974 ||| Stepping ~*~*~tactically~*~*~ (stealth).
  2975 | D:3      | 2975 ||| Stepping ~*~*~tactically~*~*~ (stealth).
  2976 | D:3      | 2976 ||| Stepping ~*~*~tactically~*~*~ (stealth).
  3190 | D:3      | 3190 ||| Stepping ~*~*~tactically~*~*~ (stealth).
  3295 | D:3      | Found an iron altar of Okawaru.
  3303 | D:3      | Became a worshipper of Warmaster Okawaru
  3338 | D:3      | 3338 ||| READING scroll labelled DAYXE XERUONE.
  3339 | D:3      | 3339 ||| READING scroll labelled MICLYK NAOVOROR.
  3340 | D:3      | 3340 ||| READING scroll labelled UTASEH PISH.
  3440 | D:4      | Gained mutation: Your magical nature lets you fly swiftly
                  | and evasively. [Tengu growth]
  3440 | D:4      | Reached XP level 5. HP: 29/30 MP: 9/9
  3510 | D:4      | Found Doraxaog's Antique Weapon Emporium.
  3534 | D:4      | Found a staircase to the Ecumenical Temple.
  3545 | D:4      | Reached skill level 6 in Axes
  3559 | D:4      | 3559 ||| FLEEEEING.
  3560 | D:4      | 3560 ||| FLEEEEING.
  3561 | D:4      | 3561 ||| FLEEEEING.
  3562 | D:4      | 3562 ||| FLEEEEING.
  3563 | D:4      | 3563 ||| FLEEEEING.
  3564 | D:4      | 3564 ||| FLEEEEING.
  3565 | D:4      | 3565 ||| FLEEEEING.
  3566 | D:4      | 3566 ||| FLEEEEING.
  3567 | D:4      | 3567 ||| FLEEEEING.
  3570 | D:4      | 3570 ||| FLEEEEING.
  3573 | D:4      | 3573 ||| FLEEEEING.
  3574 | D:4      | 3574 ||| FLEEEEING.
  3575 | D:4      | 3575 ||| FLEEEEING.
  3580 | D:4      | 3580 ||| FLEEEEING.
  3581 | D:4      | 3581 ||| FLEEEEING.
  3582 | D:4      | 3582 ||| FLEEEEING.
  3583 | D:4      | 3583 ||| FLEEEEING.
  3584 | D:4      | 3584 ||| FLEEEEING.
  3585 | D:4      | 3585 ||| FLEEEEING.
  3586 | D:4      | 3586 ||| FLEEEEING.
  3587 | D:4      | 3587 ||| FLEEEEING.
  3591 | D:4      | 3591 ||| FLEEEEING.
  3592 | D:4      | 3592 ||| FLEEEEING.
  3593 | D:4      | 3593 ||| FLEEEEING.
  3594 | D:4      | 3594 ||| FLEEEEING.
  3595 | D:4      | 3595 ||| FLEEEEING.
  3596 | D:4      | 3596 ||| FLEEEEING.
  3601 | D:4      | 3601 ||| FLEEEEING.
  3602 | D:4      | 3602 ||| FLEEEEING.
  3614 | D:4      | 3614 ||| FLEEEEING.
  3615 | D:4      | 3615 ||| FLEEEEING.
  3621 | D:4      | 3621 ||| STAIRDANCE
  3659 | D:4      | Reached XP level 6. HP: 27/35 MP: 10/10
  3755 | D:4      | 3755 ||| Stepping ~*~*~tactically~*~*~ (stealth).
  3830 | D:4      | Reached * piety under Okawaru
  3859 | D:4      | 3859 ||| FLEEEEING.
  3890 | D:4      | 3890 ||| Stepping ~*~*~tactically~*~*~ (stealth).
  4098 | D:4      | 4098 ||| Stepping ~*~*~tactically~*~*~ (stealth).
  4101 | D:4      | 4101 ||| Stepping ~*~*~tactically~*~*~ (stealth).
  4110 | D:4      | Reached skill level 7 in Axes
  4169 | D:4      | 4169 ||| INVOKING Heroism.
  4221 | D:4      | HP: 7/36 [acid (10)]
  4223 | D:4      | HP: 1/36 [acid (4)]
  4224 | D:4      | Splashed by a jelly's acid

Levels and vault maps discovered:
D:1:      evilmike_arrival_hilbert_curve, layout_basic,
          shapermc_ecumenical_altar_gd, st_stairs_11, glass_columns_a,
          fountainhead, moated_statue, minmay_rat_gold_closets
D:2:      layout_basic, minmay_tetromino_l2
D:3:      layout_rooms, mainiacjoe_overflow_paths
D:4:      layout_basic, minmay_temple_entry_mist, serial_shops,
          nicolae_shop_advertising_works [nicolae_subvault_shop_adworks]

Skill      XL: |  1  2  3  4  5  6 |
---------------+-------------------+-----
Axes           | 3 4 5 6 7 |  7.0
Fighting       | |  2.4
Throwing       | |  1.0
Armour         | |  1.1
Dodging        | |  2.1
Spellcasting   | |  2.0
Translocations | |  2.4
Invocations    | |  0.1

Action                   |  1- 3 |  4- 6 || total
-------------------------+-------+-------++-------
Melee: Hand axe          |    89 |   116 ||   205
       Peck              |    14 |    23 ||    37
       Kick              |     9 |    35 ||    44
       Punch             |       |     1 ||     1
Throw: Boomerang         |     7 |     8 ||    15
Invok: Heroism           |       |     1 ||     1
  Use: Scroll            |     3 |     5 ||     8
       Potion            |     1 |       ||     1
Armor: Leather armour    |     9 |       ||     9
       Scale mail        |    11 |    44 ||    55
Dodge: Dodged            |    52 |    50 ||   102

Table legend:
 A = Non-vault XP
 B = Vault XP
 C = Vault XP percentage of total XP
 D = Non-vault monster count
 E = Vault monster count
 F = Vault count percentage of total count
                 A         B        C        D         E       F
            +---------+---------+-------+---------+---------+-------
      Total |     415 |      16 |   3.7 |      82 |      11 |  11.8
            +---------+---------+-------+---------+---------+-------
        D:1 |      55 |      12 |  17.9 |      27 |       9 |  25.0
        D:2 |      40 |       4 |   9.1 |      11 |       2 |  15.4
        D:3 |      45 |       0 |   0.0 |      20 |       0 |   0.0
        D:4 |     275 |       0 |   0.0 |      24 |       0 |   0.0
            +---------+---------+-------+---------+---------+-------
